%YAML 1.1
%TAG !u! tag:unity3d.com,2011:
--- !u!1 &334018338553219290
GameObject:
  m_ObjectHideFlags: 0
  m_CorrespondingSourceObject: {fileID: 0}
  m_PrefabInstance: {fileID: 0}
  m_PrefabAsset: {fileID: 0}
  serializedVersion: 6
  m_Component:
  - component: {fileID: 5734982772817283479}
  - component: {fileID: 6153999815478383065}
  - component: {fileID: 6374511968380970087}
  - component: {fileID: 2935750626710615655}
  - component: {fileID: 2935750626710615654}
  - component: {fileID: 7719571234150859572}
  - component: {fileID: 691642160980668890}
  m_Layer: 0
  m_Name: Cube
  m_TagString: AR_InteractableCollider
  m_Icon: {fileID: 0}
  m_NavMeshLayer: 0
  m_StaticEditorFlags: 0
  m_IsActive: 1
--- !u!4 &5734982772817283479
Transform:
  m_ObjectHideFlags: 0
  m_CorrespondingSourceObject: {fileID: 0}
  m_PrefabInstance: {fileID: 0}
  m_PrefabAsset: {fileID: 0}
  m_GameObject: {fileID: 334018338553219290}
  m_LocalRotation: {x: 0.000046143647, y: -0.08464047, z: 0.00049233873, w: 0.9964115}
  m_LocalPosition: {x: 0, y: 0, z: 0}
  m_LocalScale: {x: 1, y: 1, z: 1}
  m_Children:
  - {fileID: 5269998908597209855}
  - {fileID: 941396492476893769}
  - {fileID: 2453686351583025761}
  m_Father: {fileID: 806813312267746815}
  m_RootOrder: 1
  m_LocalEulerAnglesHint: {x: 0.010000001, y: -9.711, z: 0.056}
--- !u!33 &6153999815478383065
MeshFilter:
  m_ObjectHideFlags: 0
  m_CorrespondingSourceObject: {fileID: 0}
  m_PrefabInstance: {fileID: 0}
  m_PrefabAsset: {fileID: 0}
  m_GameObject: {fileID: 334018338553219290}
  m_Mesh: {fileID: -5495902117074765545, guid: 20b6554428c106241bac7f47768ae1ef, type: 3}
--- !u!23 &6374511968380970087
MeshRenderer:
  m_ObjectHideFlags: 0
  m_CorrespondingSourceObject: {fileID: 0}
  m_PrefabInstance: {fileID: 0}
  m_PrefabAsset: {fileID: 0}
  m_GameObject: {fileID: 334018338553219290}
  m_Enabled: 1
  m_CastShadows: 0
  m_ReceiveShadows: 0
  m_DynamicOccludee: 1
  m_MotionVectors: 1
  m_LightProbeUsage: 1
  m_ReflectionProbeUsage: 1
  m_RayTracingMode: 2
  m_RenderingLayerMask: 1
  m_RendererPriority: 0
  m_Materials:
  - {fileID: 2100000, guid: 1bfe228189d1302479ac045478ba3a39, type: 2}
  m_StaticBatchInfo:
    firstSubMesh: 0
    subMeshCount: 0
  m_StaticBatchRoot: {fileID: 0}
  m_ProbeAnchor: {fileID: 0}
  m_LightProbeVolumeOverride: {fileID: 0}
  m_ScaleInLightmap: 1
  m_ReceiveGI: 1
  m_PreserveUVs: 0
  m_IgnoreNormalsForChartDetection: 0
  m_ImportantGI: 0
  m_StitchLightmapSeams: 1
  m_SelectedEditorRenderState: 3
  m_MinimumChartSize: 4
  m_AutoUVMaxDistance: 0.5
  m_AutoUVMaxAngle: 89
  m_LightmapParameters: {fileID: 0}
  m_SortingLayerID: 0
  m_SortingLayer: 0
  m_SortingOrder: 0
--- !u!54 &2935750626710615655
Rigidbody:
  m_ObjectHideFlags: 0
  m_CorrespondingSourceObject: {fileID: 0}
  m_PrefabInstance: {fileID: 0}
  m_PrefabAsset: {fileID: 0}
  m_GameObject: {fileID: 334018338553219290}
  serializedVersion: 2
  m_Mass: 1
  m_Drag: 0
  m_AngularDrag: 0.05
  m_UseGravity: 1
  m_IsKinematic: 1
  m_Interpolate: 0
  m_Constraints: 0
  m_CollisionDetection: 0
--- !u!114 &2935750626710615654
MonoBehaviour:
  m_ObjectHideFlags: 0
  m_CorrespondingSourceObject: {fileID: 0}
  m_PrefabInstance: {fileID: 0}
  m_PrefabAsset: {fileID: 0}
  m_GameObject: {fileID: 334018338553219290}
  m_Enabled: 1
  m_EditorHideFlags: 0
  m_Script: {fileID: 11500000, guid: 03f3eef5b2682fe4680efb93eef12cf6, type: 3}
  m_Name: 
  m_EditorClassIdentifier: 
  kinematicWhenStatic: 1
--- !u!114 &7719571234150859572
MonoBehaviour:
  m_ObjectHideFlags: 0
  m_CorrespondingSourceObject: {fileID: 0}
  m_PrefabInstance: {fileID: 0}
  m_PrefabAsset: {fileID: 0}
  m_GameObject: {fileID: 334018338553219290}
  m_Enabled: 0
  m_EditorHideFlags: 0
  m_Script: {fileID: 11500000, guid: 5fea29bb7c508c244a1f805a5fd3fc4d, type: 3}
  m_Name: 
  m_EditorClassIdentifier: 
  outlineMode: 0
  outlineColor: {r: 1, g: 0.7372549, b: 0, a: 1}
  outlineWidth: 7
  precomputeOutline: 1
  bakeKeys:
  - {fileID: -5495902117074765545, guid: 20b6554428c106241bac7f47768ae1ef, type: 3}
  - {fileID: 0}
  - {fileID: 0}
  bakeValues:
  - data:
    - {x: 0.57735026, y: 0.57735026, z: 0.57735026}
    - {x: -0.57735026, y: 0.57735026, z: -0.57735026}
    - {x: -0.57735026, y: 0.57735026, z: 0.57735026}
    - {x: 0.57735026, y: 0.57735026, z: -0.57735026}
    - {x: 0.57735026, y: -0.57735026, z: 0.57735026}
    - {x: 0.57735026, y: 0.57735026, z: -0.57735026}
    - {x: 0.57735026, y: 0.57735026, z: 0.57735026}
    - {x: 0.57735026, y: -0.57735026, z: -0.57735026}
    - {x: -0.57735026, y: -0.57735026, z: 0.57735026}
    - {x: 0.57735026, y: -0.57735026, z: -0.57735026}
    - {x: 0.57735026, y: -0.57735026, z: 0.57735026}
    - {x: -0.57735026, y: -0.57735026, z: -0.57735026}
    - {x: -0.57735026, y: 0.57735026, z: 0.57735026}
    - {x: -0.57735026, y: -0.57735026, z: -0.57735026}
    - {x: -0.57735026, y: -0.57735026, z: 0.57735026}
    - {x: -0.57735026, y: 0.57735026, z: -0.57735026}
    - {x: 0.57735026, y: -0.57735026, z: 0.57735026}
    - {x: -0.57735026, y: 0.57735026, z: 0.57735026}
    - {x: -0.57735026, y: -0.57735026, z: 0.57735026}
    - {x: 0.57735026, y: 0.57735026, z: 0.57735026}
    - {x: 0.57735026, y: 0.57735026, z: -0.57735026}
    - {x: -0.57735026, y: -0.57735026, z: -0.57735026}
    - {x: -0.57735026, y: 0.57735026, z: -0.57735026}
    - {x: 0.57735026, y: -0.57735026, z: -0.57735026}
  - data:
    - {x: 0, y: 0, z: -1}
    - {x: 0, y: 0, z: -1}
    - {x: 0, y: 0, z: -1}
    - {x: 0, y: 0, z: -1}
    - {x: 0, y: 0, z: -1}
    - {x: 0, y: 0, z: -1}
    - {x: 0, y: 0, z: -1}
    - {x: 0, y: 0, z: -1}
    - {x: 0, y: 0, z: -1}
    - {x: 0, y: 0, z: -1}
    - {x: 0, y: 0, z: -1}
    - {x: 0, y: 0, z: -1}
    - {x: 0, y: 0, z: -1}
    - {x: 0, y: 0, z: -1}
    - {x: 0, y: 0, z: -1}
    - {x: 0, y: 0, z: -1}
    - {x: 0, y: 0, z: -1}
    - {x: 0, y: 0, z: -1}
    - {x: 0, y: 0, z: -1}
    - {x: 0, y: 0, z: -1}
    - {x: 0, y: 0, z: -1}
    - {x: 0, y: 0, z: -1}
    - {x: 0, y: 0, z: -1}
    - {x: 0, y: 0, z: -1}
    - {x: 0, y: 0, z: -1}
    - {x: 0, y: 0, z: -1}
    - {x: 0, y: 0, z: -1}
    - {x: 0, y: 0, z: -1}
    - {x: 0, y: 0, z: -1}
    - {x: 0, y: 0, z: -1}
    - {x: 0, y: 0, z: -1}
    - {x: 0, y: 0, z: -1}
  - data:
    - {x: 0, y: 0, z: -1}
    - {x: 0, y: 0, z: -1}
    - {x: 0, y: 0, z: -1}
    - {x: 0, y: 0, z: -1}
    - {x: 0, y: 0, z: -1}
    - {x: 0, y: 0, z: -1}
    - {x: 0, y: 0, z: -1}
    - {x: 0, y: 0, z: -1}
    - {x: 0, y: 0, z: -1}
    - {x: 0, y: 0, z: -1}
    - {x: 0, y: 0, z: -1}
    - {x: 0, y: 0, z: -1}
    - {x: 0, y: 0, z: -1}
    - {x: 0, y: 0, z: -1}
    - {x: 0, y: 0, z: -1}
    - {x: 0, y: 0, z: -1}
    - {x: 0, y: 0, z: -1}
    - {x: 0, y: 0, z: -1}
    - {x: 0, y: 0, z: -1}
    - {x: 0, y: 0, z: -1}
    - {x: 0, y: 0, z: -1}
    - {x: 0, y: 0, z: -1}
    - {x: 0, y: 0, z: -1}
    - {x: 0, y: 0, z: -1}
    - {x: 0, y: 0, z: -1}
    - {x: 0, y: 0, z: -1}
    - {x: 0, y: 0, z: -1}
    - {x: 0, y: 0, z: -1}
    - {x: 0, y: 0, z: -1}
    - {x: 0, y: 0, z: -1}
    - {x: 0, y: 0, z: -1}
    - {x: 0, y: 0, z: -1}
    - {x: 0, y: 0, z: -1}
    - {x: 0, y: 0, z: -1}
    - {x: 0, y: 0, z: -1}
    - {x: 0, y: 0, z: -1}
--- !u!64 &691642160980668890
MeshCollider:
  m_ObjectHideFlags: 0
  m_CorrespondingSourceObject: {fileID: 0}
  m_PrefabInstance: {fileID: 0}
  m_PrefabAsset: {fileID: 0}
  m_GameObject: {fileID: 334018338553219290}
  m_Material: {fileID: 0}
  m_IsTrigger: 0
  m_Enabled: 1
  serializedVersion: 4
  m_Convex: 1
  m_CookingOptions: 30
  m_Mesh: {fileID: -5495902117074765545, guid: 20b6554428c106241bac7f47768ae1ef, type: 3}
--- !u!1 &941396492476893221
GameObject:
  m_ObjectHideFlags: 0
  m_CorrespondingSourceObject: {fileID: 0}
  m_PrefabInstance: {fileID: 0}
  m_PrefabAsset: {fileID: 0}
  serializedVersion: 6
  m_Component:
  - component: {fileID: 941396492476893769}
  - component: {fileID: 941396492476893988}
  - component: {fileID: 941396492476893980}
  - component: {fileID: 941396492476893816}
  - component: {fileID: 941396492476893700}
  m_Layer: 0
  m_Name: Date
  m_TagString: Untagged
  m_Icon: {fileID: 0}
  m_NavMeshLayer: 0
  m_StaticEditorFlags: 0
  m_IsActive: 1
--- !u!224 &941396492476893769
RectTransform:
  m_ObjectHideFlags: 0
  m_CorrespondingSourceObject: {fileID: 0}
  m_PrefabInstance: {fileID: 0}
  m_PrefabAsset: {fileID: 0}
  m_GameObject: {fileID: 941396492476893221}
  m_LocalRotation: {x: 0, y: 0, z: 0, w: 1}
  m_LocalPosition: {x: 0, y: 0, z: -0.045599997}
  m_LocalScale: {x: 0.0009999995, y: 0.0009999997, z: 0.0009999997}
  m_Children: []
  m_Father: {fileID: 5734982772817283479}
  m_RootOrder: 1
  m_LocalEulerAnglesHint: {x: 0, y: 0, z: 0}
  m_AnchorMin: {x: 0.5, y: 0.5}
  m_AnchorMax: {x: 0.5, y: 0.5}
  m_AnchoredPosition: {x: 0, y: -0.0038}
  m_SizeDelta: {x: 20, y: 5}
  m_Pivot: {x: 0.5, y: 0.5}
--- !u!23 &941396492476893988
MeshRenderer:
  m_ObjectHideFlags: 0
  m_CorrespondingSourceObject: {fileID: 0}
  m_PrefabInstance: {fileID: 0}
  m_PrefabAsset: {fileID: 0}
  m_GameObject: {fileID: 941396492476893221}
  m_Enabled: 1
  m_CastShadows: 0
  m_ReceiveShadows: 0
  m_DynamicOccludee: 1
  m_MotionVectors: 1
  m_LightProbeUsage: 1
  m_ReflectionProbeUsage: 1
  m_RayTracingMode: 2
  m_RenderingLayerMask: 1
  m_RendererPriority: 0
  m_Materials:
  - {fileID: 2180264, guid: 8f586378b4e144a9851e7b34d9b748ee, type: 2}
  m_StaticBatchInfo:
    firstSubMesh: 0
    subMeshCount: 0
  m_StaticBatchRoot: {fileID: 0}
  m_ProbeAnchor: {fileID: 0}
  m_LightProbeVolumeOverride: {fileID: 0}
  m_ScaleInLightmap: 1
  m_ReceiveGI: 1
  m_PreserveUVs: 0
  m_IgnoreNormalsForChartDetection: 0
  m_ImportantGI: 0
  m_StitchLightmapSeams: 1
  m_SelectedEditorRenderState: 3
  m_MinimumChartSize: 4
  m_AutoUVMaxDistance: 0.5
  m_AutoUVMaxAngle: 89
  m_LightmapParameters: {fileID: 0}
  m_SortingLayerID: 0
  m_SortingLayer: 0
  m_SortingOrder: 0
--- !u!33 &941396492476893980
MeshFilter:
  m_ObjectHideFlags: 0
  m_CorrespondingSourceObject: {fileID: 0}
  m_PrefabInstance: {fileID: 0}
  m_PrefabAsset: {fileID: 0}
  m_GameObject: {fileID: 941396492476893221}
  m_Mesh: {fileID: 0}
--- !u!222 &941396492476893816
CanvasRenderer:
  m_ObjectHideFlags: 0
  m_CorrespondingSourceObject: {fileID: 0}
  m_PrefabInstance: {fileID: 0}
  m_PrefabAsset: {fileID: 0}
  m_GameObject: {fileID: 941396492476893221}
  m_CullTransparentMesh: 0
--- !u!114 &941396492476893700
MonoBehaviour:
  m_ObjectHideFlags: 0
  m_CorrespondingSourceObject: {fileID: 0}
  m_PrefabInstance: {fileID: 0}
  m_PrefabAsset: {fileID: 0}
  m_GameObject: {fileID: 941396492476893221}
  m_Enabled: 1
  m_EditorHideFlags: 0
  m_Script: {fileID: 11500000, guid: 9541d86e2fd84c1d9990edf0852d74ab, type: 3}
  m_Name: 
  m_EditorClassIdentifier: 
  m_Material: {fileID: 0}
  m_Color: {r: 1, g: 1, b: 1, a: 1}
  m_RaycastTarget: 1
  m_Maskable: 1
  m_OnCullStateChanged:
    m_PersistentCalls:
      m_Calls: []
  m_text: 1970 - 01
  m_isRightToLeft: 0
  m_fontAsset: {fileID: 11400000, guid: 8f586378b4e144a9851e7b34d9b748ee, type: 2}
  m_sharedMaterial: {fileID: 2180264, guid: 8f586378b4e144a9851e7b34d9b748ee, type: 2}
  m_fontSharedMaterials: []
  m_fontMaterial: {fileID: 0}
  m_fontMaterials: []
  m_fontColor32:
    serializedVersion: 2
    rgba: 4286348416
  m_fontColor: {r: 0.5019608, g: 0.4862745, b: 0.4862745, a: 1}
  m_enableVertexGradient: 0
  m_colorMode: 3
  m_fontColorGradient:
    topLeft: {r: 1, g: 1, b: 1, a: 1}
    topRight: {r: 1, g: 1, b: 1, a: 1}
    bottomLeft: {r: 1, g: 1, b: 1, a: 1}
    bottomRight: {r: 1, g: 1, b: 1, a: 1}
  m_fontColorGradientPreset: {fileID: 0}
  m_spriteAsset: {fileID: 0}
  m_tintAllSprites: 0
  m_overrideHtmlColors: 0
  m_faceColor:
    serializedVersion: 2
    rgba: 4294967295
  m_outlineColor:
    serializedVersion: 2
    rgba: 4278190080
  m_fontSize: 30
  m_fontSizeBase: 30
  m_fontWeight: 400
  m_enableAutoSizing: 0
  m_fontSizeMin: 18
  m_fontSizeMax: 72
  m_fontStyle: 0
  m_textAlignment: 257
  m_characterSpacing: 0
  m_wordSpacing: 0
  m_lineSpacing: 0
  m_lineSpacingMax: 0
  m_paragraphSpacing: 0
  m_charWidthMaxAdj: 0
  m_enableWordWrapping: 1
  m_wordWrappingRatios: 0.4
  m_overflowMode: 0
  m_firstOverflowCharacterIndex: -1
  m_linkedTextComponent: {fileID: 0}
  m_isLinkedTextComponent: 0
  m_isTextTruncated: 0
  m_enableKerning: 1
  m_enableExtraPadding: 0
  checkPaddingRequired: 0
  m_isRichText: 1
  m_parseCtrlCharacters: 1
  m_isOrthographic: 0
  m_isCullingEnabled: 0
  m_ignoreRectMaskCulling: 0
  m_ignoreCulling: 1
  m_horizontalMapping: 0
  m_verticalMapping: 0
  m_uvLineOffset: 0
  m_geometrySortingOrder: 0
  m_VertexBufferAutoSizeReduction: 1
  m_firstVisibleCharacter: 0
  m_useMaxVisibleDescender: 1
  m_pageToDisplay: 1
  m_margin: {x: -0.09465217, y: 0, z: -0.0607977, w: 0}
  m_textInfo:
    textComponent: {fileID: 941396492476893700}
    characterCount: 9
    spriteCount: 0
    spaceCount: 2
    wordCount: 3
    linkCount: 0
    lineCount: 1
    pageCount: 1
    materialCount: 1
  m_isUsingLegacyAnimationComponent: 0
  m_isVolumetricText: 0
  m_spriteAnimator: {fileID: 0}
  m_hasFontAssetChanged: 0
  m_renderer: {fileID: 941396492476893988}
  m_subTextObjects:
  - {fileID: 0}
  - {fileID: 0}
  - {fileID: 0}
  - {fileID: 0}
  - {fileID: 0}
  - {fileID: 0}
  - {fileID: 0}
  - {fileID: 0}
  m_maskType: 0
--- !u!1 &1589055449302230536
GameObject:
  m_ObjectHideFlags: 0
  m_CorrespondingSourceObject: {fileID: 0}
  m_PrefabInstance: {fileID: 0}
  m_PrefabAsset: {fileID: 0}
  serializedVersion: 6
  m_Component:
  - component: {fileID: 3944462289147366586}
  m_Layer: 0
  m_Name: InfoHolder
  m_TagString: InfoBox
  m_Icon: {fileID: 0}
  m_NavMeshLayer: 0
  m_StaticEditorFlags: 0
  m_IsActive: 1
--- !u!4 &3944462289147366586
Transform:
  m_ObjectHideFlags: 0
  m_CorrespondingSourceObject: {fileID: 0}
  m_PrefabInstance: {fileID: 0}
  m_PrefabAsset: {fileID: 0}
  m_GameObject: {fileID: 1589055449302230536}
  m_LocalRotation: {x: 0, y: 0, z: 0, w: 1}
  m_LocalPosition: {x: 0, y: 0, z: 0}
  m_LocalScale: {x: 0, y: 0, z: 0}
  m_Children:
  - {fileID: 7400472666027682462}
  m_Father: {fileID: 3968546102928119353}
  m_RootOrder: 0
  m_LocalEulerAnglesHint: {x: 0, y: 0, z: 0}
--- !u!1 &4425131563290759148
GameObject:
  m_ObjectHideFlags: 0
  m_CorrespondingSourceObject: {fileID: 0}
  m_PrefabInstance: {fileID: 0}
  m_PrefabAsset: {fileID: 0}
  serializedVersion: 6
  m_Component:
  - component: {fileID: 806813312267746815}
  - component: {fileID: 7052867546590745488}
  - component: {fileID: 1258320667326656849}
  - component: {fileID: 1258320667326656848}
  - component: {fileID: 1258320667326657198}
  - component: {fileID: 4428814838772529630}
  - component: {fileID: 974904508853735539}
  - component: {fileID: 8186666939219950100}
  - component: {fileID: 2016550067841108343}
  - component: {fileID: 4858910568418606838}
  - component: {fileID: 5919986321383071503}
  - component: {fileID: 5557445116401029635}
  m_Layer: 0
  m_Name: Partusiten
  m_TagString: AR_Interactable
  m_Icon: {fileID: 0}
  m_NavMeshLayer: 0
  m_StaticEditorFlags: 0
  m_IsActive: 1
--- !u!4 &806813312267746815
Transform:
  m_ObjectHideFlags: 0
  m_CorrespondingSourceObject: {fileID: 0}
  m_PrefabInstance: {fileID: 0}
  m_PrefabAsset: {fileID: 0}
  m_GameObject: {fileID: 4425131563290759148}
  m_LocalRotation: {x: 0, y: -1, z: 0, w: 0.00000028088027}
  m_LocalPosition: {x: 0.31049997, y: 0.0191, z: -0.18129992}
  m_LocalScale: {x: 1, y: 1, z: 1}
  m_Children:
  - {fileID: 7575554213450312452}
  - {fileID: 5734982772817283479}
  - {fileID: 3968546102928119353}
  m_Father: {fileID: 0}
  m_RootOrder: 0
  m_LocalEulerAnglesHint: {x: 0, y: -179.99998, z: 0}
--- !u!114 &7052867546590745488
MonoBehaviour:
  m_ObjectHideFlags: 0
  m_CorrespondingSourceObject: {fileID: 0}
  m_PrefabInstance: {fileID: 0}
  m_PrefabAsset: {fileID: 0}
  m_GameObject: {fileID: 4425131563290759148}
  m_Enabled: 1
  m_EditorHideFlags: 0
  m_Script: {fileID: 11500000, guid: fec37d855e3c8214ebe733256027a88a, type: 3}
  m_Name: 
  m_EditorClassIdentifier: 
  InteractableName: Partusiten Verpackung
  objectsize: 0
--- !u!114 &1258320667326656849
MonoBehaviour:
  m_ObjectHideFlags: 0
  m_CorrespondingSourceObject: {fileID: 0}
  m_PrefabInstance: {fileID: 0}
  m_PrefabAsset: {fileID: 0}
  m_GameObject: {fileID: 4425131563290759148}
  m_Enabled: 1
  m_EditorHideFlags: 0
  m_Script: {fileID: 11500000, guid: d7645fbde3c74c84e9a4169f18994036, type: 3}
  m_Name: 
  m_EditorClassIdentifier: 
--- !u!114 &1258320667326656848
MonoBehaviour:
  m_ObjectHideFlags: 0
  m_CorrespondingSourceObject: {fileID: 0}
  m_PrefabInstance: {fileID: 0}
  m_PrefabAsset: {fileID: 0}
  m_GameObject: {fileID: 4425131563290759148}
  m_Enabled: 1
  m_EditorHideFlags: 0
  m_Script: {fileID: 11500000, guid: 236eb514f52e7c14d8f6745cf93b787e, type: 3}
  m_Name: 
  m_EditorClassIdentifier: 
  isGrabbable: 1
  select:
    m_PersistentCalls:
      m_Calls: []
  deselect:
    m_PersistentCalls:
      m_Calls: []
  isSelected: 0
  grab:
    m_PersistentCalls:
      m_Calls: []
  release:
    m_PersistentCalls:
      m_Calls: []
  isGrabbed: 0
  interact:
    m_PersistentCalls:
      m_Calls:
      - m_Target: {fileID: 6879986973570603287}
        m_MethodName: SetActive
        m_Mode: 6
        m_Arguments:
          m_ObjectArgument: {fileID: 0}
          m_ObjectArgumentAssemblyTypeName: UnityEngine.Object, UnityEngine
          m_IntArgument: 0
          m_FloatArgument: 0
          m_StringArgument: 
          m_BoolArgument: 1
        m_CallState: 2
      - m_Target: {fileID: 7575554213450312452}
        m_MethodName: set_parent
        m_Mode: 2
        m_Arguments:
          m_ObjectArgument: {fileID: 0}
          m_ObjectArgumentAssemblyTypeName: UnityEngine.Transform, UnityEngine
          m_IntArgument: 0
          m_FloatArgument: 0
          m_StringArgument: 
          m_BoolArgument: 0
        m_CallState: 2
      - m_Target: {fileID: 6222662441041944040}
        m_MethodName: ActivatePhysics
        m_Mode: 1
        m_Arguments:
          m_ObjectArgument: {fileID: 0}
          m_ObjectArgumentAssemblyTypeName: UnityEngine.Object, UnityEngine
          m_IntArgument: 0
          m_FloatArgument: 0
          m_StringArgument: 
          m_BoolArgument: 0
        m_CallState: 2
      - m_Target: {fileID: 4425131563290759148}
        m_MethodName: SetActive
        m_Mode: 6
        m_Arguments:
          m_ObjectArgument: {fileID: 0}
          m_ObjectArgumentAssemblyTypeName: UnityEngine.Object, UnityEngine
          m_IntArgument: 0
          m_FloatArgument: 0
          m_StringArgument: 
          m_BoolArgument: 0
        m_CallState: 2
  combine:
    m_PersistentCalls:
      m_Calls: []
  error:
    m_PersistentCalls:
      m_Calls: []
  interactString: 90
  combineString: 92
--- !u!114 &1258320667326657198
MonoBehaviour:
  m_ObjectHideFlags: 0
  m_CorrespondingSourceObject: {fileID: 0}
  m_PrefabInstance: {fileID: 0}
  m_PrefabAsset: {fileID: 0}
  m_GameObject: {fileID: 4425131563290759148}
  m_Enabled: 1
  m_EditorHideFlags: 0
  m_Script: {fileID: 11500000, guid: c7dd4c0fad0d46149bd0b437983c4f3f, type: 3}
  m_Name: 
  m_EditorClassIdentifier: 
  dateTexts:
  - {fileID: 941396492476893700}
  expirationDate: 5
  expired: 0
--- !u!114 &4428814838772529630
MonoBehaviour:
  m_ObjectHideFlags: 0
  m_CorrespondingSourceObject: {fileID: 0}
  m_PrefabInstance: {fileID: 0}
  m_PrefabAsset: {fileID: 0}
  m_GameObject: {fileID: 4425131563290759148}
  m_Enabled: 1
  m_EditorHideFlags: 0
  m_Script: {fileID: 11500000, guid: 0db53094dd902d043822a3209e7e007c, type: 3}
  m_Name: 
  m_EditorClassIdentifier: 
  rigidbodies:
  - {fileID: 334018338553219290}
--- !u!114 &974904508853735539
MonoBehaviour:
  m_ObjectHideFlags: 0
  m_CorrespondingSourceObject: {fileID: 0}
  m_PrefabInstance: {fileID: 0}
  m_PrefabAsset: {fileID: 0}
  m_GameObject: {fileID: 4425131563290759148}
  m_Enabled: 1
  m_EditorHideFlags: 0
  m_Script: {fileID: 11500000, guid: d656c1fa499bd584cb4ccf99ee5bac3a, type: 3}
  m_Name: 
  m_EditorClassIdentifier: 
  outlines:
  - {fileID: 7719571234150859572}
  errorColor: {r: 1, g: 0, b: 0, a: 1}
  successColor: {r: 0, g: 1, b: 0, a: 1}
--- !u!114 &8186666939219950100
MonoBehaviour:
  m_ObjectHideFlags: 0
  m_CorrespondingSourceObject: {fileID: 0}
  m_PrefabInstance: {fileID: 0}
  m_PrefabAsset: {fileID: 0}
  m_GameObject: {fileID: 4425131563290759148}
  m_Enabled: 1
  m_EditorHideFlags: 0
  m_Script: {fileID: 11500000, guid: f787133dea41c1f47a920423da9bb85e, type: 3}
  m_Name: 
  m_EditorClassIdentifier: 
  SelectSound: 0
  DeselectSound: 0
  GrabSound: 2
  ReleaseSound: 7
  InteractSound: 3
  CombineSound: 9
  ErrorSound: 1
--- !u!114 &2016550067841108343
MonoBehaviour:
  m_ObjectHideFlags: 0
  m_CorrespondingSourceObject: {fileID: 0}
  m_PrefabInstance: {fileID: 0}
  m_PrefabAsset: {fileID: 0}
  m_GameObject: {fileID: 4425131563290759148}
  m_Enabled: 0
  m_EditorHideFlags: 0
  m_Script: {fileID: 11500000, guid: 604d06e8ca9820040b83e639c2a13192, type: 3}
  m_Name: 
  m_EditorClassIdentifier: 
  info: {fileID: 3944462289147366586}
--- !u!114 &4858910568418606838
MonoBehaviour:
  m_ObjectHideFlags: 0
  m_CorrespondingSourceObject: {fileID: 0}
  m_PrefabInstance: {fileID: 0}
  m_PrefabAsset: {fileID: 0}
  m_GameObject: {fileID: 4425131563290759148}
  m_Enabled: 0
  m_EditorHideFlags: 0
  m_Script: {fileID: 11500000, guid: 546020929b8c2424bb01f5083a54a060, type: 3}
  m_Name: 
  m_EditorClassIdentifier: 
  infoBehaviour: {fileID: 2016550067841108343}
  activeStates: 0a000000
  timeInfoBoxOpen: 10
  colliderObject: {fileID: 334018338553219290}
--- !u!114 &5919986321383071503
MonoBehaviour:
  m_ObjectHideFlags: 0
  m_CorrespondingSourceObject: {fileID: 0}
  m_PrefabInstance: {fileID: 0}
  m_PrefabAsset: {fileID: 0}
  m_GameObject: {fileID: 4425131563290759148}
  m_Enabled: 1
  m_EditorHideFlags: 0
  m_Script: {fileID: 11500000, guid: 556aef686546c1441a607b95c55443df, type: 3}
  m_Name: 
  m_EditorClassIdentifier: 
--- !u!114 &5557445116401029635
MonoBehaviour:
  m_ObjectHideFlags: 0
  m_CorrespondingSourceObject: {fileID: 0}
  m_PrefabInstance: {fileID: 0}
  m_PrefabAsset: {fileID: 0}
  m_GameObject: {fileID: 4425131563290759148}
  m_Enabled: 1
  m_EditorHideFlags: 0
  m_Script: {fileID: 11500000, guid: 397c58ff957c1d1479c93432d17dfdd7, type: 3}
  m_Name: 
  m_EditorClassIdentifier: 
  activeStates: 0a000000
  colliderObject: {fileID: 334018338553219290}
--- !u!1 &5269998908597209600
GameObject:
  m_ObjectHideFlags: 0
  m_CorrespondingSourceObject: {fileID: 0}
  m_PrefabInstance: {fileID: 0}
  m_PrefabAsset: {fileID: 0}
  serializedVersion: 6
  m_Component:
  - component: {fileID: 5269998908597209855}
  - component: {fileID: 5269998908597209555}
  m_Layer: 0
  m_Name: BlobShadowProjector
  m_TagString: Untagged
  m_Icon: {fileID: 0}
  m_NavMeshLayer: 0
  m_StaticEditorFlags: 0
  m_IsActive: 1
--- !u!4 &5269998908597209855
Transform:
  m_ObjectHideFlags: 0
  m_CorrespondingSourceObject: {fileID: 0}
  m_PrefabInstance: {fileID: 0}
  m_PrefabAsset: {fileID: 0}
  m_GameObject: {fileID: 5269998908597209600}
  m_LocalRotation: {x: 0.7071068, y: 0, z: 0, w: 0.7071068}
  m_LocalPosition: {x: 0, y: 0.2384, z: 0}
  m_LocalScale: {x: 1, y: 1, z: 1}
  m_Children: []
  m_Father: {fileID: 5734982772817283479}
  m_RootOrder: 0
  m_LocalEulerAnglesHint: {x: 90, y: 0, z: 0}
--- !u!119 &5269998908597209555
Projector:
  m_ObjectHideFlags: 0
  m_CorrespondingSourceObject: {fileID: 0}
  m_PrefabInstance: {fileID: 0}
  m_PrefabAsset: {fileID: 0}
  m_GameObject: {fileID: 5269998908597209600}
  m_Enabled: 1
  serializedVersion: 2
  m_NearClipPlane: 0.25
  m_FarClipPlane: 0.3
  m_FieldOfView: 35
  m_AspectRatio: 1
  m_Orthographic: 0
  m_OrthographicSize: 5
  m_Material: {fileID: 2100000, guid: e30ff3588e719f34bbf0c66f22d97487, type: 2}
  m_IgnoreLayers:
    serializedVersion: 2
    m_Bits: 0
--- !u!1 &5849429414161459248
GameObject:
  m_ObjectHideFlags: 0
  m_CorrespondingSourceObject: {fileID: 0}
  m_PrefabInstance: {fileID: 0}
  m_PrefabAsset: {fileID: 0}
  serializedVersion: 6
  m_Component:
  - component: {fileID: 2453686351583025761}
  - component: {fileID: 6597919638215611290}
  - component: {fileID: 2288877290590821067}
  - component: {fileID: 9218195164361819209}
  - component: {fileID: 6710207084226730}
  m_Layer: 0
  m_Name: ID
  m_TagString: Untagged
  m_Icon: {fileID: 0}
  m_NavMeshLayer: 0
  m_StaticEditorFlags: 0
  m_IsActive: 1
--- !u!224 &2453686351583025761
RectTransform:
  m_ObjectHideFlags: 0
  m_CorrespondingSourceObject: {fileID: 0}
  m_PrefabInstance: {fileID: 0}
  m_PrefabAsset: {fileID: 0}
  m_GameObject: {fileID: 5849429414161459248}
  m_LocalRotation: {x: 0, y: 0, z: 0, w: 1}
  m_LocalPosition: {x: 0, y: 0, z: -0.0456}
  m_LocalScale: {x: 0.0009999995, y: 0.0009999997, z: 0.0009999997}
  m_Children: []
  m_Father: {fileID: 5734982772817283479}
  m_RootOrder: 2
  m_LocalEulerAnglesHint: {x: 0, y: 0, z: 0}
  m_AnchorMin: {x: 0.5, y: 0.5}
  m_AnchorMax: {x: 0.5, y: 0.5}
  m_AnchoredPosition: {x: 0, y: 0.0037}
  m_SizeDelta: {x: 20, y: 5}
  m_Pivot: {x: 0.5, y: 0.5}
--- !u!23 &6597919638215611290
MeshRenderer:
  m_ObjectHideFlags: 0
  m_CorrespondingSourceObject: {fileID: 0}
  m_PrefabInstance: {fileID: 0}
  m_PrefabAsset: {fileID: 0}
  m_GameObject: {fileID: 5849429414161459248}
  m_Enabled: 1
  m_CastShadows: 0
  m_ReceiveShadows: 0
  m_DynamicOccludee: 1
  m_MotionVectors: 1
  m_LightProbeUsage: 1
  m_ReflectionProbeUsage: 1
  m_RayTracingMode: 2
  m_RenderingLayerMask: 1
  m_RendererPriority: 0
  m_Materials:
  - {fileID: 2180264, guid: 8f586378b4e144a9851e7b34d9b748ee, type: 2}
  m_StaticBatchInfo:
    firstSubMesh: 0
    subMeshCount: 0
  m_StaticBatchRoot: {fileID: 0}
  m_ProbeAnchor: {fileID: 0}
  m_LightProbeVolumeOverride: {fileID: 0}
  m_ScaleInLightmap: 1
  m_ReceiveGI: 1
  m_PreserveUVs: 0
  m_IgnoreNormalsForChartDetection: 0
  m_ImportantGI: 0
  m_StitchLightmapSeams: 1
  m_SelectedEditorRenderState: 3
  m_MinimumChartSize: 4
  m_AutoUVMaxDistance: 0.5
  m_AutoUVMaxAngle: 89
  m_LightmapParameters: {fileID: 0}
  m_SortingLayerID: 0
  m_SortingLayer: 0
  m_SortingOrder: 0
--- !u!33 &2288877290590821067
MeshFilter:
  m_ObjectHideFlags: 0
  m_CorrespondingSourceObject: {fileID: 0}
  m_PrefabInstance: {fileID: 0}
  m_PrefabAsset: {fileID: 0}
  m_GameObject: {fileID: 5849429414161459248}
  m_Mesh: {fileID: 0}
--- !u!222 &9218195164361819209
CanvasRenderer:
  m_ObjectHideFlags: 0
  m_CorrespondingSourceObject: {fileID: 0}
  m_PrefabInstance: {fileID: 0}
  m_PrefabAsset: {fileID: 0}
  m_GameObject: {fileID: 5849429414161459248}
  m_CullTransparentMesh: 0
--- !u!114 &6710207084226730
MonoBehaviour:
  m_ObjectHideFlags: 0
  m_CorrespondingSourceObject: {fileID: 0}
  m_PrefabInstance: {fileID: 0}
  m_PrefabAsset: {fileID: 0}
  m_GameObject: {fileID: 5849429414161459248}
  m_Enabled: 1
  m_EditorHideFlags: 0
  m_Script: {fileID: 11500000, guid: 9541d86e2fd84c1d9990edf0852d74ab, type: 3}
  m_Name: 
  m_EditorClassIdentifier: 
  m_Material: {fileID: 0}
  m_Color: {r: 1, g: 1, b: 1, a: 1}
  m_RaycastTarget: 1
  m_Maskable: 1
  m_OnCullStateChanged:
    m_PersistentCalls:
      m_Calls: []
  m_text: 17505011
  m_isRightToLeft: 0
  m_fontAsset: {fileID: 11400000, guid: 8f586378b4e144a9851e7b34d9b748ee, type: 2}
  m_sharedMaterial: {fileID: 2180264, guid: 8f586378b4e144a9851e7b34d9b748ee, type: 2}
  m_fontSharedMaterials: []
  m_fontMaterial: {fileID: 0}
  m_fontMaterials: []
  m_fontColor32:
    serializedVersion: 2
    rgba: 4286348416
  m_fontColor: {r: 0.5019608, g: 0.4862745, b: 0.4862745, a: 1}
  m_enableVertexGradient: 0
  m_colorMode: 3
  m_fontColorGradient:
    topLeft: {r: 1, g: 1, b: 1, a: 1}
    topRight: {r: 1, g: 1, b: 1, a: 1}
    bottomLeft: {r: 1, g: 1, b: 1, a: 1}
    bottomRight: {r: 1, g: 1, b: 1, a: 1}
  m_fontColorGradientPreset: {fileID: 0}
  m_spriteAsset: {fileID: 0}
  m_tintAllSprites: 0
  m_overrideHtmlColors: 0
  m_faceColor:
    serializedVersion: 2
    rgba: 4294967295
  m_outlineColor:
    serializedVersion: 2
    rgba: 4278190080
  m_fontSize: 30
  m_fontSizeBase: 30
  m_fontWeight: 400
  m_enableAutoSizing: 0
  m_fontSizeMin: 18
  m_fontSizeMax: 72
  m_fontStyle: 0
  m_textAlignment: 257
  m_characterSpacing: 0
  m_wordSpacing: 0
  m_lineSpacing: 0
  m_lineSpacingMax: 0
  m_paragraphSpacing: 0
  m_charWidthMaxAdj: 0
  m_enableWordWrapping: 1
  m_wordWrappingRatios: 0.4
  m_overflowMode: 0
  m_firstOverflowCharacterIndex: -1
  m_linkedTextComponent: {fileID: 0}
  m_isLinkedTextComponent: 0
  m_isTextTruncated: 0
  m_enableKerning: 1
  m_enableExtraPadding: 0
  checkPaddingRequired: 0
  m_isRichText: 1
  m_parseCtrlCharacters: 1
  m_isOrthographic: 0
  m_isCullingEnabled: 0
  m_ignoreRectMaskCulling: 0
  m_ignoreCulling: 1
  m_horizontalMapping: 0
  m_verticalMapping: 0
  m_uvLineOffset: 0
  m_geometrySortingOrder: 0
  m_VertexBufferAutoSizeReduction: 1
  m_firstVisibleCharacter: 0
  m_useMaxVisibleDescender: 1
  m_pageToDisplay: 1
  m_margin: {x: -0.09465217, y: 0, z: 0.43773556, w: 0}
  m_textInfo:
    textComponent: {fileID: 6710207084226730}
    characterCount: 8
    spriteCount: 0
    spaceCount: 0
    wordCount: 1
    linkCount: 0
    lineCount: 1
    pageCount: 1
    materialCount: 1
  m_isUsingLegacyAnimationComponent: 0
  m_isVolumetricText: 0
  m_spriteAnimator: {fileID: 0}
  m_hasFontAssetChanged: 0
  m_renderer: {fileID: 6597919638215611290}
  m_subTextObjects:
  - {fileID: 0}
  - {fileID: 0}
  - {fileID: 0}
  - {fileID: 0}
  - {fileID: 0}
  - {fileID: 0}
  - {fileID: 0}
  - {fileID: 0}
  m_maskType: 0
--- !u!1 &5971024659424748878
GameObject:
  m_ObjectHideFlags: 0
  m_CorrespondingSourceObject: {fileID: 0}
  m_PrefabInstance: {fileID: 0}
  m_PrefabAsset: {fileID: 0}
  serializedVersion: 6
  m_Component:
  - component: {fileID: 4540444976725223992}
  - component: {fileID: 6860819003239825013}
  - component: {fileID: 3225720335736543236}
  - component: {fileID: 8015664892378787588}
  - component: {fileID: 4069686625973454303}
  m_Layer: 0
  m_Name: Text (TMP)
  m_TagString: InfoBox
  m_Icon: {fileID: 0}
  m_NavMeshLayer: 0
  m_StaticEditorFlags: 0
  m_IsActive: 1
--- !u!224 &4540444976725223992
RectTransform:
  m_ObjectHideFlags: 0
  m_CorrespondingSourceObject: {fileID: 0}
  m_PrefabInstance: {fileID: 0}
  m_PrefabAsset: {fileID: 0}
  m_GameObject: {fileID: 5971024659424748878}
  m_LocalRotation: {x: -0, y: 1, z: -0, w: 0.000000029802315}
  m_LocalPosition: {x: 0, y: 0, z: 0.0025}
  m_LocalScale: {x: 1.7499994, y: 2.5, z: 1}
  m_Children: []
  m_Father: {fileID: 725509920981590286}
  m_RootOrder: 0
  m_LocalEulerAnglesHint: {x: 0, y: 180, z: 0}
  m_AnchorMin: {x: 0.5, y: 0.5}
  m_AnchorMax: {x: 0.5, y: 0.5}
  m_AnchoredPosition: {x: 0, y: 0}
  m_SizeDelta: {x: 20, y: 5}
  m_Pivot: {x: 0.5, y: 0.5}
--- !u!23 &6860819003239825013
MeshRenderer:
  m_ObjectHideFlags: 0
  m_CorrespondingSourceObject: {fileID: 0}
  m_PrefabInstance: {fileID: 0}
  m_PrefabAsset: {fileID: 0}
  m_GameObject: {fileID: 5971024659424748878}
  m_Enabled: 1
  m_CastShadows: 0
  m_ReceiveShadows: 0
  m_DynamicOccludee: 1
  m_MotionVectors: 1
  m_LightProbeUsage: 1
  m_ReflectionProbeUsage: 1
  m_RayTracingMode: 2
  m_RenderingLayerMask: 1
  m_RendererPriority: 0
  m_Materials:
  - {fileID: 2180264, guid: 8f586378b4e144a9851e7b34d9b748ee, type: 2}
  m_StaticBatchInfo:
    firstSubMesh: 0
    subMeshCount: 0
  m_StaticBatchRoot: {fileID: 0}
  m_ProbeAnchor: {fileID: 0}
  m_LightProbeVolumeOverride: {fileID: 0}
  m_ScaleInLightmap: 1
  m_ReceiveGI: 1
  m_PreserveUVs: 0
  m_IgnoreNormalsForChartDetection: 0
  m_ImportantGI: 0
  m_StitchLightmapSeams: 1
  m_SelectedEditorRenderState: 3
  m_MinimumChartSize: 4
  m_AutoUVMaxDistance: 0.5
  m_AutoUVMaxAngle: 89
  m_LightmapParameters: {fileID: 0}
  m_SortingLayerID: 0
  m_SortingLayer: 0
  m_SortingOrder: 3
--- !u!33 &3225720335736543236
MeshFilter:
  m_ObjectHideFlags: 0
  m_CorrespondingSourceObject: {fileID: 0}
  m_PrefabInstance: {fileID: 0}
  m_PrefabAsset: {fileID: 0}
  m_GameObject: {fileID: 5971024659424748878}
  m_Mesh: {fileID: 0}
--- !u!222 &8015664892378787588
CanvasRenderer:
  m_ObjectHideFlags: 0
  m_CorrespondingSourceObject: {fileID: 0}
  m_PrefabInstance: {fileID: 0}
  m_PrefabAsset: {fileID: 0}
  m_GameObject: {fileID: 5971024659424748878}
  m_CullTransparentMesh: 0
--- !u!114 &4069686625973454303
MonoBehaviour:
  m_ObjectHideFlags: 0
  m_CorrespondingSourceObject: {fileID: 0}
  m_PrefabInstance: {fileID: 0}
  m_PrefabAsset: {fileID: 0}
  m_GameObject: {fileID: 5971024659424748878}
  m_Enabled: 1
  m_EditorHideFlags: 0
  m_Script: {fileID: 11500000, guid: 9541d86e2fd84c1d9990edf0852d74ab, type: 3}
  m_Name: 
  m_EditorClassIdentifier: 
  m_Material: {fileID: 0}
  m_Color: {r: 1, g: 1, b: 1, a: 1}
  m_RaycastTarget: 1
  m_Maskable: 1
  m_OnCullStateChanged:
    m_PersistentCalls:
      m_Calls: []
  m_text: "Beachten Sie bei der Vorbereitung von\r\nMedikamenten das Vier-Augen-Prinzip,
    so dass\r\ndurch die unabh\xE4ngige Pr\xFCfung durch eine\r\nzweite Person Medikationsfehler
    reduziert\r\nwerden k\xF6nnen und die Patientinnensicherheit\r\nwird erh\xF6ht.
    Zudem m\xFCssen Sie auch das\r\nVerfallsdatum des Medikamentes pr\xFCfen."
  m_isRightToLeft: 0
  m_fontAsset: {fileID: 11400000, guid: 8f586378b4e144a9851e7b34d9b748ee, type: 2}
  m_sharedMaterial: {fileID: 2180264, guid: 8f586378b4e144a9851e7b34d9b748ee, type: 2}
  m_fontSharedMaterials: []
  m_fontMaterial: {fileID: 0}
  m_fontMaterials: []
  m_fontColor32:
    serializedVersion: 2
    rgba: 4278190080
  m_fontColor: {r: 0, g: 0, b: 0, a: 1}
  m_enableVertexGradient: 0
  m_colorMode: 3
  m_fontColorGradient:
    topLeft: {r: 1, g: 1, b: 1, a: 1}
    topRight: {r: 1, g: 1, b: 1, a: 1}
    bottomLeft: {r: 1, g: 1, b: 1, a: 1}
    bottomRight: {r: 1, g: 1, b: 1, a: 1}
  m_fontColorGradientPreset: {fileID: 0}
  m_spriteAsset: {fileID: 0}
  m_tintAllSprites: 0
  m_overrideHtmlColors: 0
  m_faceColor:
    serializedVersion: 2
    rgba: 4294967295
  m_outlineColor:
    serializedVersion: 2
    rgba: 4278190080
  m_fontSize: 1.25
  m_fontSizeBase: 36
  m_fontWeight: 400
  m_enableAutoSizing: 1
  m_fontSizeMin: 0
  m_fontSizeMax: 72
  m_fontStyle: 0
  m_textAlignment: 258
  m_characterSpacing: 0
  m_wordSpacing: 0
  m_lineSpacing: 0
  m_lineSpacingMax: 0
  m_paragraphSpacing: 0
  m_charWidthMaxAdj: 0
  m_enableWordWrapping: 1
  m_wordWrappingRatios: 0.4
  m_overflowMode: 0
  m_firstOverflowCharacterIndex: -1
  m_linkedTextComponent: {fileID: 0}
  m_isLinkedTextComponent: 0
  m_isTextTruncated: 0
  m_enableKerning: 1
  m_enableExtraPadding: 0
  checkPaddingRequired: 0
  m_isRichText: 1
  m_parseCtrlCharacters: 1
  m_isOrthographic: 0
  m_isCullingEnabled: 0
  m_ignoreRectMaskCulling: 0
  m_ignoreCulling: 1
  m_horizontalMapping: 0
  m_verticalMapping: 0
  m_uvLineOffset: 0
  m_geometrySortingOrder: 0
  m_VertexBufferAutoSizeReduction: 1
  m_firstVisibleCharacter: 0
  m_useMaxVisibleDescender: 1
  m_pageToDisplay: 1
  m_margin: {x: 8.682467, y: 1.6779389, z: 8.6694565, w: 2.2454956}
  m_textInfo:
    textComponent: {fileID: 4069686625973454303}
    characterCount: 294
    spriteCount: 0
    spaceCount: 36
    wordCount: 37
    linkCount: 0
    lineCount: 7
    pageCount: 1
    materialCount: 1
  m_isUsingLegacyAnimationComponent: 0
  m_isVolumetricText: 0
  m_spriteAnimator: {fileID: 0}
  m_hasFontAssetChanged: 0
  m_renderer: {fileID: 6860819003239825013}
  m_subTextObjects:
  - {fileID: 0}
  - {fileID: 0}
  - {fileID: 0}
  - {fileID: 0}
  - {fileID: 0}
  - {fileID: 0}
  - {fileID: 0}
  - {fileID: 0}
  m_maskType: 0
--- !u!1 &6580133463927084865
GameObject:
  m_ObjectHideFlags: 0
  m_CorrespondingSourceObject: {fileID: 0}
  m_PrefabInstance: {fileID: 0}
  m_PrefabAsset: {fileID: 0}
  serializedVersion: 6
  m_Component:
  - component: {fileID: 7400472666027682462}
  - component: {fileID: 9022371370721182925}
  m_Layer: 0
  m_Name: Content
  m_TagString: InfoBox
  m_Icon: {fileID: 0}
  m_NavMeshLayer: 0
  m_StaticEditorFlags: 0
  m_IsActive: 1
--- !u!4 &7400472666027682462
Transform:
  m_ObjectHideFlags: 0
  m_CorrespondingSourceObject: {fileID: 0}
  m_PrefabInstance: {fileID: 0}
  m_PrefabAsset: {fileID: 0}
  m_GameObject: {fileID: 6580133463927084865}
  m_LocalRotation: {x: 0, y: 1, z: 0, w: 0}
  m_LocalPosition: {x: 0, y: 0.019, z: 0}
  m_LocalScale: {x: 0.1, y: 0.06, z: 1}
  m_Children:
  - {fileID: 725509920981590286}
  m_Father: {fileID: 3944462289147366586}
  m_RootOrder: 0
  m_LocalEulerAnglesHint: {x: 0, y: 180, z: 0}
--- !u!114 &9022371370721182925
MonoBehaviour:
  m_ObjectHideFlags: 0
  m_CorrespondingSourceObject: {fileID: 0}
  m_PrefabInstance: {fileID: 0}
  m_PrefabAsset: {fileID: 0}
  m_GameObject: {fileID: 6580133463927084865}
  m_Enabled: 1
  m_EditorHideFlags: 0
  m_Script: {fileID: 11500000, guid: 19623280aab77494087c75def07ad7db, type: 3}
  m_Name: 
  m_EditorClassIdentifier: 
--- !u!114 &2440966693415802558
MonoBehaviour:
  m_ObjectHideFlags: 0
  m_CorrespondingSourceObject: {fileID: 0}
  m_PrefabInstance: {fileID: 0}
  m_PrefabAsset: {fileID: 0}
  m_GameObject: {fileID: 6879986973570603287}
  m_Enabled: 1
  m_EditorHideFlags: 0
  m_Script: {fileID: 11500000, guid: 556aef686546c1441a607b95c55443df, type: 3}
  m_Name: 
  m_EditorClassIdentifier: 
--- !u!1 &7703113129062247001
GameObject:
  m_ObjectHideFlags: 0
  m_CorrespondingSourceObject: {fileID: 0}
  m_PrefabInstance: {fileID: 0}
  m_PrefabAsset: {fileID: 0}
  serializedVersion: 6
  m_Component:
  - component: {fileID: 3968546102928119353}
  m_Layer: 0
  m_Name: "HinweisboxF\xFCrMedikamentenauswahl"
  m_TagString: InfoBox
  m_Icon: {fileID: 0}
  m_NavMeshLayer: 0
  m_StaticEditorFlags: 0
  m_IsActive: 0
--- !u!4 &3968546102928119353
Transform:
  m_ObjectHideFlags: 0
  m_CorrespondingSourceObject: {fileID: 0}
  m_PrefabInstance: {fileID: 0}
  m_PrefabAsset: {fileID: 0}
  m_GameObject: {fileID: 7703113129062247001}
  m_LocalRotation: {x: -0, y: 1, z: -0, w: 0}
  m_LocalPosition: {x: 0, y: 0, z: 0}
  m_LocalScale: {x: 1, y: 1, z: 1}
  m_Children:
  - {fileID: 3944462289147366586}
  m_Father: {fileID: 806813312267746815}
  m_RootOrder: 2
  m_LocalEulerAnglesHint: {x: 0, y: 0, z: 0}
--- !u!1 &9197335869286105294
GameObject:
  m_ObjectHideFlags: 0
  m_CorrespondingSourceObject: {fileID: 0}
  m_PrefabInstance: {fileID: 0}
  m_PrefabAsset: {fileID: 0}
  serializedVersion: 6
  m_Component:
  - component: {fileID: 725509920981590286}
  - component: {fileID: 171400000040966230}
  m_Layer: 0
  m_Name: Sprechblase
  m_TagString: InfoBox
  m_Icon: {fileID: 0}
  m_NavMeshLayer: 0
  m_StaticEditorFlags: 0
  m_IsActive: 1
--- !u!4 &725509920981590286
Transform:
  m_ObjectHideFlags: 0
  m_CorrespondingSourceObject: {fileID: 0}
  m_PrefabInstance: {fileID: 0}
  m_PrefabAsset: {fileID: 0}
  m_GameObject: {fileID: 9197335869286105294}
  m_LocalRotation: {x: -0, y: -0, z: -0, w: 1}
  m_LocalPosition: {x: 0.5419998, y: 1.1450006, z: 0}
  m_LocalScale: {x: 0.40000004, y: 0.40000004, z: 1}
  m_Children:
  - {fileID: 4540444976725223992}
  m_Father: {fileID: 7400472666027682462}
  m_RootOrder: 0
  m_LocalEulerAnglesHint: {x: 0, y: 0, z: 0}
--- !u!212 &171400000040966230
SpriteRenderer:
  m_ObjectHideFlags: 0
  m_CorrespondingSourceObject: {fileID: 0}
  m_PrefabInstance: {fileID: 0}
  m_PrefabAsset: {fileID: 0}
  m_GameObject: {fileID: 9197335869286105294}
  m_Enabled: 1
  m_CastShadows: 0
  m_ReceiveShadows: 0
  m_DynamicOccludee: 1
  m_MotionVectors: 1
  m_LightProbeUsage: 1
  m_ReflectionProbeUsage: 1
  m_RayTracingMode: 0
  m_RenderingLayerMask: 1
  m_RendererPriority: 0
  m_Materials:
  - {fileID: 10754, guid: 0000000000000000f000000000000000, type: 0}
  m_StaticBatchInfo:
    firstSubMesh: 0
    subMeshCount: 0
  m_StaticBatchRoot: {fileID: 0}
  m_ProbeAnchor: {fileID: 0}
  m_LightProbeVolumeOverride: {fileID: 0}
  m_ScaleInLightmap: 1
  m_ReceiveGI: 1
  m_PreserveUVs: 0
  m_IgnoreNormalsForChartDetection: 0
  m_ImportantGI: 0
  m_StitchLightmapSeams: 1
  m_SelectedEditorRenderState: 0
  m_MinimumChartSize: 4
  m_AutoUVMaxDistance: 0.5
  m_AutoUVMaxAngle: 89
  m_LightmapParameters: {fileID: 0}
  m_SortingLayerID: 0
  m_SortingLayer: 0
  m_SortingOrder: 2
  m_Sprite: {fileID: 21300000, guid: f087479505bafa5449ba9aca6903030c, type: 3}
  m_Color: {r: 1, g: 1, b: 1, a: 0.7058824}
  m_FlipX: 0
  m_FlipY: 0
  m_DrawMode: 0
  m_Size: {x: 5.88, y: 5.99}
  m_AdaptiveModeThreshold: 0.5
  m_SpriteTileMode: 0
  m_WasSpriteAssigned: 1
  m_MaskInteraction: 0
  m_SpriteSortPoint: 0
--- !u!1001 &8520752774143734430
PrefabInstance:
  m_ObjectHideFlags: 0
  serializedVersion: 2
  m_Modification:
    m_TransformParent: {fileID: 806813312267746815}
    m_Modifications:
    - target: {fileID: 385654250864530740, guid: e62cdfaab5938c9448922c22068e7a47,
        type: 3}
      propertyPath: interactString
      value: 85
      objectReference: {fileID: 0}
    - target: {fileID: 385654250864530740, guid: e62cdfaab5938c9448922c22068e7a47,
        type: 3}
      propertyPath: combineString
      value: 86
      objectReference: {fileID: 0}
    - target: {fileID: 385654250864530740, guid: e62cdfaab5938c9448922c22068e7a47,
        type: 3}
      propertyPath: combine.m_PersistentCalls.m_Calls.Array.data[1].m_Target
      value: 
      objectReference: {fileID: 0}
    - target: {fileID: 2242244969000180122, guid: e62cdfaab5938c9448922c22068e7a47,
        type: 3}
      propertyPath: m_LocalPosition.x
      value: 0
      objectReference: {fileID: 0}
    - target: {fileID: 2242244969000180122, guid: e62cdfaab5938c9448922c22068e7a47,
        type: 3}
      propertyPath: m_LocalPosition.y
      value: 0.0175
      objectReference: {fileID: 0}
    - target: {fileID: 2242244969000180122, guid: e62cdfaab5938c9448922c22068e7a47,
        type: 3}
      propertyPath: m_LocalPosition.z
      value: 0
      objectReference: {fileID: 0}
    - target: {fileID: 2242244969000180122, guid: e62cdfaab5938c9448922c22068e7a47,
        type: 3}
      propertyPath: m_LocalRotation.x
      value: -0
      objectReference: {fileID: 0}
    - target: {fileID: 2242244969000180122, guid: e62cdfaab5938c9448922c22068e7a47,
        type: 3}
      propertyPath: m_LocalRotation.y
      value: -0
      objectReference: {fileID: 0}
    - target: {fileID: 2242244969000180122, guid: e62cdfaab5938c9448922c22068e7a47,
        type: 3}
      propertyPath: m_LocalRotation.z
      value: -0
      objectReference: {fileID: 0}
    - target: {fileID: 2242244969000180122, guid: e62cdfaab5938c9448922c22068e7a47,
        type: 3}
      propertyPath: m_LocalRotation.w
      value: 1
      objectReference: {fileID: 0}
    - target: {fileID: 2242244969000180122, guid: e62cdfaab5938c9448922c22068e7a47,
        type: 3}
      propertyPath: m_RootOrder
      value: 0
      objectReference: {fileID: 0}
    - target: {fileID: 2242244969000180122, guid: e62cdfaab5938c9448922c22068e7a47,
        type: 3}
      propertyPath: m_LocalEulerAnglesHint.x
      value: 0
      objectReference: {fileID: 0}
    - target: {fileID: 2242244969000180122, guid: e62cdfaab5938c9448922c22068e7a47,
        type: 3}
      propertyPath: m_LocalEulerAnglesHint.y
      value: 0
      objectReference: {fileID: 0}
    - target: {fileID: 2242244969000180122, guid: e62cdfaab5938c9448922c22068e7a47,
        type: 3}
      propertyPath: m_LocalEulerAnglesHint.z
      value: 0
      objectReference: {fileID: 0}
    - target: {fileID: 2973875709975423881, guid: e62cdfaab5938c9448922c22068e7a47,
        type: 3}
      propertyPath: m_Name
      value: PartusitenFlasche
      objectReference: {fileID: 0}
    - target: {fileID: 2973875709975423881, guid: e62cdfaab5938c9448922c22068e7a47,
        type: 3}
      propertyPath: m_IsActive
      value: 0
      objectReference: {fileID: 0}
    - target: {fileID: 3300642985189665299, guid: e62cdfaab5938c9448922c22068e7a47,
        type: 3}
      propertyPath: m_Mesh
      value: 
      objectReference: {fileID: 0}
    - target: {fileID: 3751579658297482882, guid: e62cdfaab5938c9448922c22068e7a47,
        type: 3}
      propertyPath: m_Enabled
      value: 0
      objectReference: {fileID: 0}
    - target: {fileID: 3799523119974708192, guid: e62cdfaab5938c9448922c22068e7a47,
        type: 3}
      propertyPath: m_Mesh
      value: 
      objectReference: {fileID: 0}
    - target: {fileID: 4547799535788816947, guid: e62cdfaab5938c9448922c22068e7a47,
        type: 3}
      propertyPath: outlineColor.r
      value: 1
      objectReference: {fileID: 0}
    - target: {fileID: 4547799535788816947, guid: e62cdfaab5938c9448922c22068e7a47,
        type: 3}
      propertyPath: outlineColor.g
      value: 0.7372549
      objectReference: {fileID: 0}
    - target: {fileID: 4547799535788816947, guid: e62cdfaab5938c9448922c22068e7a47,
        type: 3}
      propertyPath: outlineColor.b
      value: 0
      objectReference: {fileID: 0}
    - target: {fileID: 4547799535788816948, guid: e62cdfaab5938c9448922c22068e7a47,
        type: 3}
      propertyPath: outlineColor.r
      value: 1
      objectReference: {fileID: 0}
    - target: {fileID: 4547799535788816948, guid: e62cdfaab5938c9448922c22068e7a47,
        type: 3}
      propertyPath: outlineColor.g
      value: 0.7372549
      objectReference: {fileID: 0}
    - target: {fileID: 4547799535788816948, guid: e62cdfaab5938c9448922c22068e7a47,
        type: 3}
      propertyPath: outlineColor.b
      value: 0
      objectReference: {fileID: 0}
    - target: {fileID: 5263940271992479366, guid: e62cdfaab5938c9448922c22068e7a47,
        type: 3}
      propertyPath: m_SortingOrder
      value: 1
      objectReference: {fileID: 0}
    - target: {fileID: 7149847407607060189, guid: e62cdfaab5938c9448922c22068e7a47,
        type: 3}
      propertyPath: m_IsActive
      value: 0
      objectReference: {fileID: 0}
    m_RemovedComponents:
    - {fileID: 4954242427013394814, guid: e62cdfaab5938c9448922c22068e7a47, type: 3}
  m_SourcePrefab: {fileID: 100100000, guid: e62cdfaab5938c9448922c22068e7a47, type: 3}
--- !u!1 &6879986973570603287 stripped
GameObject:
  m_CorrespondingSourceObject: {fileID: 2973875709975423881, guid: e62cdfaab5938c9448922c22068e7a47,
    type: 3}
  m_PrefabInstance: {fileID: 8520752774143734430}
  m_PrefabAsset: {fileID: 0}
--- !u!114 &6222662441041944040 stripped
MonoBehaviour:
  m_CorrespondingSourceObject: {fileID: 2334163154683735926, guid: e62cdfaab5938c9448922c22068e7a47,
    type: 3}
  m_PrefabInstance: {fileID: 8520752774143734430}
  m_PrefabAsset: {fileID: 0}
  m_GameObject: {fileID: 6879986973570603287}
  m_Enabled: 1
  m_EditorHideFlags: 0
  m_Script: {fileID: 11500000, guid: 0db53094dd902d043822a3209e7e007c, type: 3}
  m_Name: 
  m_EditorClassIdentifier: 
--- !u!4 &7575554213450312452 stripped
Transform:
  m_CorrespondingSourceObject: {fileID: 2242244969000180122, guid: e62cdfaab5938c9448922c22068e7a47,
    type: 3}
  m_PrefabInstance: {fileID: 8520752774143734430}
  m_PrefabAsset: {fileID: 0}
